 Dungeon Crawl Stone Soup version 0.29.0-4-gdea44cf6ec (webtiles) character file.

Game seed: 9899880123112254406

266 qw the Chopper (level 6, -8/35 HPs)
             Began as a Tengu Warper on Aug 28, 2022.
             Was an Initiate of Okawaru.
             Mangled by Menkaure (10 damage)
             ... on level 4 of the Dungeon.
             The game lasted 00:00:22 (4692 turns).

qw the Chopper (Tengu Warper)                       Turns: 4692, Time: 00:00:23

Health: -8/35      AC:  9    Str: 13    XL:     6   Next: 20%
Magic:  10/10      EV:  7    Int: 13    God:    Okawaru [......]
Gold:   172        SH:  0    Dex: 14    Spells: 9/9 levels left

rFire   . . .      SeeInvis .   Y - +0 hand axe (flame)
rCold   . . .      Faith    .   (no shield)
rNeg    . . .      Spirit   .   m - +0 chain mail
rPois   +          Reflect  .   (helmet restricted)
rElec   .          Harm     .   (no cloak)
rCorr   .          Rampage  .   a - +0 pair of gloves
Will    .....                   (boots unavailable)
Stlth   ..........              (no amulet)
HPRegen 0.11/turn               i - ring of poison resistance
MPRegen 0.12/turn               (no ring)

@: about to teleport, flying quickly and evasively, quick
A: beak, talons 3, nimble flight
a: Renounce Religion


You were on level 4 of the Dungeon.
You worshipped Okawaru.
Okawaru was noncommittal.
You visited 2 branches of the dungeon, and saw 5 of its levels.

You collected 172 gold pieces.


Innate Abilities, Weirdness & Mutations

You have a beak for a mouth.
You have claws for feet.
Your magical nature lets you fly swiftly and evasively.


   Skills:
 - Level 2.0 Fighting
 + Level 6.6 Axes
 - Level 1.0 Throwing
 - Level 2.1 Armour
 - Level 2.1 Dodging
 - Level 2.0 Spellcasting
 - Level 2.4 Translocations


You had 9 spell levels left.
You didn't know any spells.
Your spell library contained the following spells:

 Spells                   Type           Power      Damage    Failure   Level
 Blink                    Tloc           14%        N/A       99%         2
 Gell's Gravitas          Tloc           7%         N/A       100%        3
 Lesser Beckoning         Tloc           7%         N/A       100%        3
 Teleport Other           Tloc           7%         N/A       100%        3
 Manifold Assault         Tloc           7%         N/A       100%        5

Inventory:

Hand Weapons
 Y - a +0 hand axe of flaming (weapon)
Armour
 a - a +0 pair of gloves (worn)
 b - a +0 plate armour
 m - a +0 chain mail (worn)
Jewellery
 i - a ring of poison resistance (left hand)
Potions
 e - a potion of brilliance {unknown}
 f - a potion of attraction {unknown}
 g - a potion of resistance {unknown}
 h - a potion of might
 j - a potion of ambrosia {unknown}
 l - 2 potions of heal wounds
 q - a potion of curing {unknown}

Dungeon Overview and Level Annotations

Branches:
Dungeon (4/15)             Temple (1/1) D:4

Altars:
Ashenzari
Cheibriados
Elyvilon
Fedhas
Gozag
Hepliaklqana
Kikubaaqudgha
Makhleb
Okawaru
Qazlal
Sif Muna
Trog
Uskayaw
Vehumet
Xom
Yredelemnul
Zin
The Shining One

Annotations:
D:4 Menkaure


Message History

Throw: 2 javelins
Press: ? - help, Q - select action Shift-Dir - straight line, f - hobgoblin You throw a javelin.
The javelin barely misses the hobgoblin.
Throw: javelin
Press: ? - help, Q - select action Shift-Dir - straight line, f/p - hobgoblin You throw a javelin.
The javelin closely misses the hobgoblin.
You hit the hobgoblin but do no damage. You claw the hobgoblin.
The hobgoblin is severely wounded.
The hobgoblin hits you.
You barely miss the hobgoblin.
The hobgoblin is severely wounded.
The hobgoblin hits you but does no damage.
You hit the hobgoblin. You burn the hobgoblin.
You kill the hobgoblin!
Okawaru accepts your kill.
You start resting.
Menkaure, Prince of Dust comes into view.
4675 ||| Stepping ~*~*~tactically~*~*~ (stealth).
You start resting.
Menkaure is nearby!
Menkaure shouts!
Menkaure casts a spell.
Menkaure seems to speed up.
You see here a hobgoblin corpse.
Found a scroll of identify.
Menkaure hits you but does no damage.
You slash Menkaure! You burn Menkaure. You claw Menkaure!
Your peck misses Menkaure.
Menkaure is severely damaged.
Menkaure hits you!
You completely miss Menkaure. You claw Menkaure, but do no damage.
Menkaure is severely damaged.
Menkaure hits you!
4692 ||| READING scroll of teleportation.
As you read the scroll of teleportation, it crumbles to dust.
You feel strangely unstable. Menkaure hits you!
You die...

########....
#..............
##.............. .
##/...######..... ..#
#....# ##..... #...
##....## #......
#...##......#####......
#(...........##.......
#(..M@.%..............
#....####.............
#.... ###......)....
#....# ##............
...... ##.............
?....# ##..............
..... #...............
..... #............>...
#................


You could see Menkaure (fast).

Vanquished Creatures
  A necrophage (D:4)
  An iguana (D:4)
  Natasha (D:4)
  2 orc wizards
  2 adders
  2 dart slugs (D:2)
  5 orcs
  6 ball pythons
  7 bats
  5 endoplasms
  7 giant cockroaches
  14 goblins
  8 hobgoblins
  3 jackals (D:1)
  5 kobolds
  3 quokkas
  A frilled lizard (D:1)
  4 rats
77 creatures vanquished.

Notes
Turn   | Place    | Note
-------+----------+-------------------------------------------
     0 | D:1      | qw the Tengu Warper began the quest for the Orb.
     0 | D:1      | Reached XP level 1. HP: 12/12 MP: 4/4
     0 | D:1      | 0 ||| qw: Version: 0.1-a-89-g26bdef1
     0 | D:1      | 0 ||| qw: Game counter: 1131
     0 | D:1      | 0 ||| qw: Always use a shield: true
     0 | D:1      | 0 ||| qw: God list: Okawaru
     0 | D:1      | 0 ||| qw: Allow faded altars: false
     0 | D:1      | 0 ||| qw: Do Orc after D:15 true
     0 | D:1      | 0 ||| qw: Do second Lair branch before Depths: true
     0 | D:1      | 0 ||| qw: Lair rune preference: random
     0 | D:1      | 0 ||| qw: Plans: Normal
     0 | D:1      | 0 ||| PLANNING D:1-11
    53 | D:1      | 53 ||| Stepping ~*~*~tactically~*~*~ (stealth).
    64 | D:1      | HP: 3/12 [frilled lizard (1)]
    66 | D:1      | HP: 1/12 [constriction (1)]
    68 | D:1      | Reached XP level 2. HP: 2/17 MP: 6/6
   146 | D:1      | 146 ||| Stepping ~*~*~tactically~*~*~ (stealth).
   147 | D:1      | 147 ||| Stepping ~*~*~tactically~*~*~ (stealth).
   151 | D:1      | 151 ||| Stepping ~*~*~tactically~*~*~ (stealth).
   153 | D:1      | HP: 4/17 [giant cockroach (2)]
   156 | D:1      | Reached skill level 3 in Axes
   400 | D:1      | 400 ||| Stepping ~*~*~tactically~*~*~ (stealth).
   889 | D:1      | Reached XP level 3. HP: 21/21 MP: 7/7
  1221 | D:1      | 1221 ||| UPGRADING to +0 ring mail.
  1231 | D:1      | 1231 ||| DROPPING +0 leather armour.
  1232 | D:1      | 1232 ||| UPGRADING to ring of poison resistance.
  1233 | D:1      | 1233 ||| READING 2 scrolls labelled IZUCIAD TODEUMOTO.
  1234 | D:1      | 1234 ||| READING scroll labelled XOEREA QUFEA.
  1359 | D:1      | 1359 ||| DROPPING scroll of immolation.
  1360 | D:1      | 1360 ||| DROPPING scroll of blinking.
  1415 | D:2      | Reached skill level 4 in Axes
  1743 | D:2      | Found a faded altar of an unknown god.
  1743 | D:2      | Noticed a golden eye
  1751 | D:2      | Noticed a shining eye
  1751 | D:2      | Noticed a shining eye
  1751 | D:2      | Noticed a golden eye
  1940 | D:2      | Reached XP level 4. HP: 11/26 MP: 8/8
  1944 | D:2      | 1944 ||| FLEEEEING.
  1945 | D:2      | 1945 ||| FLEEEEING.
  1946 | D:2      | 1946 ||| FLEEEEING.
  1946 | D:2      | HP: 2/26 [something/magic dart (5)]
  1947 | D:2      | 1947 ||| FLEEEEING.
  1948 | D:2      | 1948 ||| FLEEEEING.
  1949 | D:2      | 1949 ||| FLEEEEING.
  1950 | D:2      | 1950 ||| FLEEEEING.
  1951 | D:2      | 1951 ||| STAIRDANCE
  2237 | D:1      | 2237 ||| UPGRADING to +0 pair of gloves.
  2242 | D:1      | 2242 ||| READING scroll labelled CAUKE QADGHO.
  2243 | D:1      | 2243 ||| READING scroll labelled PAVVACWUAS.
  2246 | D:2      | 2246 ||| STAIRDANCE
  2248 | D:2      | 2248 ||| STAIRDANCE
  2250 | D:2      | 2250 ||| STAIRDANCE
  2258 | D:1      | Reached skill level 5 in Axes
  2565 | D:2      | 2565 ||| Stepping ~*~*~tactically~*~*~ (stealth).
  2569 | D:2      | Gained mutation: Your magical nature lets you fly swiftly
                  | and evasively. [Tengu growth]
  2569 | D:2      | Reached XP level 5. HP: 28/30 MP: 9/9
  2716 | D:2      | 2716 ||| READING scroll labelled ZYIW DIKLUZARPHET.
  2797 | D:3      | 2797 ||| DROPPING +0 club.
  3368 | D:3      | 3368 ||| UPGRADING to +0 chain mail.
  3378 | D:3      | 3378 ||| DROPPING +0 ring mail.
  3379 | D:3      | 3379 ||| UPGRADING to amulet of guardian spirit.
  3384 | D:3      | 3384 ||| READING scroll labelled VIUSHR NEFANI.
  3385 | D:3      | 3385 ||| READING scroll labelled MURIFIORHI.
  3386 | D:3      | 3386 ||| READING scroll labelled KURRUUGHUL.
  3387 | D:3      | 3387 ||| DROPPING +0 mace.
  3421 | D:4      | Noticed Natasha
  3422 | D:4      | 3422 ||| Stepping ~*~*~tactically~*~*~ (hiding).
  3423 | D:4      | 3423 ||| Stepping ~*~*~tactically~*~*~ (hiding).
  3433 | D:4      | Killed Natasha
  3687 | D:4      | HP: 5/30 [iguana (4)]
  3688 | D:4      | 3688 ||| READING 2 scrolls of teleportation.
  3688 | D:4      | HP: 1/30 [iguana (4)]
  3998 | D:4      | Found a staircase to the Ecumenical Temple.
  3999 | D:4      | 3999 ||| PLANNING TEMPLE
  3999 | D:4      | 3999 ||| DRINKING 2 viscous ruby potions.
  4017 | D:4      | Reached skill level 6 in Axes
  4244 | Temple   | Entered the Ecumenical Temple
  4250 | Temple   | Became a worshipper of Warmaster Okawaru
  4251 | Temple   | 4251 ||| REMOVING amulet of guardian spirit.
  4430 | Temple   | 4430 ||| PLANNING D:1-11
  4430 | Temple   | 4430 ||| DROPPING amulet of guardian spirit.
  4544 | D:4      | Reached XP level 6. HP: 35/35 MP: 10/10
  4674 | D:4      | Noticed Menkaure
  4675 | D:4      | 4675 ||| Stepping ~*~*~tactically~*~*~ (stealth).
  4691 | D:4      | HP: 2/35 [Menkaure (17)]
  4692 | D:4      | 4692 ||| READING scroll of teleportation.
  4692 | D:4      | Mangled by Menkaure

Levels and vault maps discovered:
D:1:      dpeg_arrival_refuge, layout_basic
D:2:      cheibrodos_greedy_goblins, layout_basic,
          hellmonk_ecumenical_altar_watching_god, moated_statue,
          small_statue_intersection, minmay_misc_feat_tower
D:3:      layout_basic
D:4:      layout_layer_cave, temple_doors_e, uniq_natasha, uniq_ijyb,
          uniq_grinder, uniq_menkaure
Temple:   eino_narrow_crystal_temple

Skill      XL: |  1  2  3  4  5 |
---------------+----------------+-----
Axes           | 3 4 5 6 |  6.6
Armour         | 2 |  2.1
Fighting       | |  2.0
Throwing       | |  1.0
Dodging        | |  2.1
Spellcasting   | |  2.0
Translocations | |  2.4

Action                   |  1- 3 |  4- 6 || total
-------------------------+-------+-------++-------
Melee: Hand axe          |   103 |    80 ||   183
       Kick              |    21 |    18 ||    39
       Peck              |    11 |    14 ||    25
Throw: Boomerang         |     7 |       ||     7
       Javelin           |     2 |    24 ||    26
  Use: Scroll            |     2 |     8 ||    10
       Potion            |       |     1 ||     1
Armor: Leather armour    |    18 |       ||    18
       Ring mail         |    17 |    19 ||    36
       Chain mail        |       |    13 ||    13
Dodge: Dodged            |    65 |    32 ||    97

Table legend:
 A = Non-vault XP
 B = Vault XP
 C = Vault XP percentage of total XP
 D = Non-vault monster count
 E = Vault monster count
 F = Vault count percentage of total count
                 A         B        C        D         E       F
            +---------+---------+-------+---------+---------+-------
      Total |     323 |      57 |  15.0 |      65 |      12 |  15.6
            +---------+---------+-------+---------+---------+-------
        D:1 |      82 |       0 |   0.0 |      27 |       0 |   0.0
        D:2 |      78 |      22 |  22.0 |      22 |      11 |  33.3
        D:3 |      29 |       0 |   0.0 |       9 |       0 |   0.0
        D:4 |     134 |      35 |  20.7 |       7 |       1 |  12.5
            +---------+---------+-------+---------+---------+-------
